 Dungeon Crawl Stone Soup version 0.26-a0-259-g1effd001a9 (webtiles) character file.

Game seed: 14412148162246618631

7 vurker the Gusty (level 1, -3/15 HPs)
             Began as a Draconian Air Elementalist on July 15, 2020.
             Slain by an adder (4 damage)
             ... on level 2 of the Dungeon.
             The game lasted 00:00:41 (1042 turns).

vurker the Gusty (Draconian Air Elementalist)       Turns: 1042, Time: 00:00:41

Health: -3/15      AC:  4    Str: 10    XL:     1   Next: 83%
Magic:  0/3        EV: 12    Int: 15    God:
Gold:   51         SH:  0    Dex: 11    Spells: 3/4 levels left

rFire    . . .     SeeInvis .   (no weapon)
rCold    . . .     Faith    .   (no shield)
rNeg     . . .     Spirit   .   (armour unavailable)
rPois    .         Reflect  .   (helmet restricted)
rElec    .         Harm     .   (no cloak)
rCorr    .                      (no gloves)
MR       +....                  (no boots)
Stlth    ++........             (no amulet)
HPRegen  0.05/turn              j - ring of protection from magic
MPRegen  0.08/turn              (no ring)

@: lethally poisoned (-3 -> -11)
A: unfitting armour, cold-blooded, AC +4
a: no special abilities


You were on level 2 of the Dungeon.
You were not hungry.

You visited 1 branch of the dungeon, and saw 2 of its levels.

You collected 51 gold pieces.

Inventory:

Jewellery
 j - a ring of protection from magic (left hand)
   (You found it on level 1 of the Dungeon)
Scrolls
 b - a scroll of fog {unknown}
 d - 2 scrolls of identify {unknown}
 h - a scroll of amnesia {unknown}
 i - a scroll of magic mapping {unknown}
 k - a scroll of blinking {unknown}
 l - a scroll of remove curse {unknown}
 m - a scroll of random uselessness {unknown}
Potions
 a - a potion of resistance {unknown}
 c - a potion of haste {unknown}
 f - a potion of magic {unknown}
 g - a potion of stabbing {unknown}
 n - a potion of might {unknown}
Comestibles
 e - 6 rations


   Skills:
 + Level 0.4 Fighting
 - Level 1.7 Dodging
 - Level 1.7 Stealth
 * Level 2.2 Spellcasting
 - Level 1.0 Conjurations
 * Level 3.2 Air Magic


You had 3 spell levels left.
You knew the following spells:

 Your Spells              Type           Power        Failure   Level
a - Shock                 Conj/Air       #...         10%         1

Your spell library contained the following spells:

 Spells                   Type           Power        Failure   Level
 Swiftness                Chrm/Air       #.......     17%         2
 Static Discharge         Conj/Air       #.......     28%         3
 Airstrike                Air            ##........   50%         4
 Lightning Bolt           Conj/Air       #.........   95%         5


Dungeon Overview and Level Annotations

Branches:
Dungeon (2/15)

Altars:


Innate Abilities, Weirdness & Mutations

Your plain brown scales are hard. (AC +4)
You cannot fit into any form of body armour.
You are cold-blooded and may be slowed by cold attacks.


Message History

a +0 club; 2 stones
Found an amethyst potion.
n - an amethyst potion An adder comes into view.
Aim: an adder (asleep)
The zap hits the adder.
The adder hisses angrily.
Aim: an adder (moderately wounded)
The zap misses the adder.
Aim: an adder (moderately wounded)
The zap hits the adder.
You don't have enough magic to cast that spell.
The adder bites you.
You are poisoned.
The adder poisons you!
Found a stone staircase leading down.
You hit the adder but do no damage.
You feel sick. The adder bites you but does no damage. The adder bites you.
You hit the adder but do no damage. The adder misses you.
You hit the adder.
You feel sick. The adder bites you but does no damage.
You hit the adder. The adder misses you.
The adder bites you but does no damage.
You closely miss the adder. The adder misses you.
You barely miss the adder.
You feel sick. The adder completely misses you.
You closely miss the adder.
The adder bites you but does no damage. x2
You completely miss the adder. The adder closely misses you.
You closely miss the adder. The adder bites you.
* * * LOW HITPOINT WARNING * * *
You feel sick. The adder closely misses you.
Okay, then.
The adder bites you.
* * * LOW HITPOINT WARNING * * *
You are lethally poisoned!
The adder poisons you!
Aim: an adder (severely wounded)
The zap hits the adder.
* * * LOW HITPOINT WARNING * * *
You feel sick. The adder barely misses you.
You don't have enough magic to cast that spell.
You don't have enough magic to cast that spell.
You don't have enough magic to cast that spell.
You miss the adder. The adder closely misses you.
You barely miss the adder.
* * * LOW HITPOINT WARNING * * *
You feel sick. The adder barely misses you.
You closely miss the adder.
* * * LOW HITPOINT WARNING * * *
You feel sick. The adder barely misses you. The adder bites you.
You die...

#..........#
#...#
#.########.#
#...# ..
#.########.#
#...# .
#........#.#
#..># .
########.#.# #.#
.#
#.#.#####.###.##
#.#.#..........#
#.#.#.###S.....#
#.#.# #@.....#
#.#.# #.######
#.#.# #.# #)#.#
#.# #.#.# #.#
#.#.# #.# #.#.#
#.# #######.#.#
#.# #.......#.#
#.#


You could see an adder.

Vanquished Creatures
  A ball python (D:1)
  A hobgoblin (D:1)
  2 bats
  A frilled lizard (D:1)
  A kobold (D:2)
  A rat (D:2)
7 creatures vanquished.

Notes
Turn   | Place    | Note
-------+----------+-------------------------------------------
     0 | D:1      | vurker the Draconian Air Elementalist began the quest for
                  | the Orb.
     0 | D:1      | Reached XP level 1. HP: 14/14 MP: 3/3
  1042 | D:2      | Slain by an adder

Illustrated notes

Levels and vault maps discovered:
D:1:      lordsloth_arrival_two_stooges, layout_basic
D:2:      layout_basic, overflow_temple_1_default,
          nicolae_overflow_hidden_temple, first_ration,
          trog_three_pillars_becter

Action                   || total
-------------------------++-------
Melee: Unarmed           ||    24
 Cast: Shock             ||    13
Armor: Skin              ||    10
Dodge: Dodged            ||    16

Table legend:
 A = Non-vault XP
 B = Vault XP
 C = Vault XP percentage of total XP
 D = Non-vault monster count
 E = Vault monster count
 F = Vault count percentage of total count
                 A         B        C        D         E       F
            +---------+---------+-------+---------+---------+-------
      Total |      10 |       0 |   0.0 |       7 |       0 |   0.0
            +---------+---------+-------+---------+---------+-------
        D:1 |       6 |       0 |   0.0 |       4 |       0 |   0.0
        D:2 |       4 |       0 |   0.0 |       3 |       0 |   0.0
            +---------+---------+-------+---------+---------+-------
